 Dungeon Crawl Stone Soup version 0.29-a0-284-gf9362112df (webtiles) character file.

Game seed: 5112713239330926728

67 spaghetti the Covert (level 4, 0/42 HPs)
             Began as a Naga Delver on Mar 21, 2022.
             Succumbed to a scorpion's poison
             ... on level 4 of the Dungeon.
             The game lasted 00:01:14 (79 turns).

spaghetti the Covert (Naga Delver)                    Turns: 79, Time: 00:01:15

Health: 0/42       AC:  2    Str: 15    XL:     4   Next: 18%
Magic:  4/4        EV:  9    Int: 10    God:
Gold:   0          SH:  0    Dex: 14    Spells: 3/3 levels left

rFire   . . .      SeeInvis +   a - +0 short sword {short}
rCold   . . .      Faith    .   (no shield)
rNeg    . . .      Spirit   .   b - +0 leather armour
rPois   +          Reflect  .   (no helmet)
rElec   .          Harm     .   (no cloak)
rCorr   .          Rampage  .   (no gloves)
Will    .....                   (no barding)
Stlth   ++++......              (no amulet)
HPRegen 0.14/turn               (no ring)
MPRegen 0.09/turn               (no ring)

@: lethally poisoned (0 -> -1), short of breath, hasted, quick
A: AC +1, large, see invisible, deformed body, poison resistance, slowness 2,
spit poison 1, naga tail 1
a: Spit Poison


You were on level 4 of the Dungeon.
You visited 1 branch of the dungeon, and saw 3 of its levels.


Innate Abilities, Weirdness & Mutations

Your serpentine skin is tough. (AC +1)
You have supernaturally acute eyesight. (SInv)
Armour fits poorly on your strangely shaped body.
Your system is resistant to poisons. (rPois)
You cover ground very slowly.
You can spit poison.
You have a snake-like lower body.


   Skills:
 + Level 3.0 Fighting
 - Level 2.0 Short Blades
 - Level 1.5 Dodging
 - Level 9.5 Stealth


You had 3 spell levels left.
You didn't know any spells.
Your spell library was empty.

Inventory:

Hand Weapons
 a - a +0 short sword (weapon) {short}
Armour
 b - a +0 leather armour (worn)
Wands
 g - a wand of digging (3)
Scrolls
 c - a scroll of fog

Dungeon Overview and Level Annotations

Branches:
Dungeon (6/15)             Temple (0/1) D:4

Altars:
Nemelex Xobeh

#.......$.#....>..,,,,,,,*,
#.........######.#**,*****,
*****##.........# *,* *,* *,
,,,,............######+***,* *,
,,,,........K........,,,,,,* *,
,,,,.....##....#...##..,,,,*****,
,,,,........##)#.......,,,,,,,,,,
****##..##....)..##.#,,*******,,,
#,....#..##@...#,,* *,,,
*****..##.#.....#.....# *,*,
*,,...,,.....##K#,#...# *,*,
*,*##*,.#.##......*,.'#******,*,
**,* *,.#.,..>.##.,,,..,,,,,*,**
,,,* *.,..*#....,,**,,,,,,,,*,,,
,,,* *,**,,,,##,*,,,,,,,,,,,****
*,,* **,,,,**,,,,*,**,,******* *,
*,,***,,*,,,,,*,,,,,,,,*********,


You could see 2 kobolds.


Message History

😮 HP[-1]
You take 1 damage, and now have 30/42 hp.
You hit the scorpion.
You feel sick. The goblin barely misses you.
The scorpion closely misses you. 😮 HP[-1]
You take 1 damage, and now have 29/42 hp.
You hit the scorpion.
You feel sick.
A goblin comes into view. It is wielding a +0 club.
The goblin barely misses you. 😮 HP[-1]
You take 1 damage, and now have 28/42 hp.
You hit the scorpion but do no damage.
You feel sick.
The scorpion barely misses you. 😮 HP[-1]
You take 1 damage, and now have 27/42 hp.
You hit the scorpion but do no damage. The goblin closely misses you.
The scorpion stings you.
You are more poisoned.
The scorpion poisons you! 😮 HP[-5]
You take 5 damage, and now have 22/42 hp.
The goblin attacks as you move away! The goblin hits you with a +0 club.
* * * LOW HITPOINT WARNING * * *
The scorpion attacks as you move away!
The scorpion stings you but does no damage.
You feel very sick.
The kobold shouts! 😨 HP[-6]
You take 6 damage, and now have 16/42 hp.
You aren't carrying any potions.
Okay, then.
As you read the scroll of fear, it crumbles to dust.
You assume a fearsome visage.
The kobold looks frightened!
The scorpion looks frightened!
You have got your breath back.
You feel sick.
The kobold yells at you, "GO AWAY!" 😨 HP[-2]
You take 2 damage, and now have 14/42 hp.
Unknown command.
You are quite poisoned (14 -> 5).
Your actions are hasted.
Your movement speed is quick.
Your attack delay is about 0.7.
Unknown command.
The goblin attacks as you move away! The goblin hits you with a +0 club.
* * * LOW HITPOINT WARNING * * *
x2 You feel sick. 😱 HP[-6]
You take 6 damage, and now have 8/42 hp.
The goblin attacks as you move away! The goblin barely misses you.
* * * LOW HITPOINT WARNING * * *
You feel sick. 😱 HP[-2]
You take 2 damage, and now have 6/42 hp.
* * * LOW HITPOINT WARNING * * *
You feel sick. 😱 HP[-1]
You take 1 damage, and now have 5/42 hp.
Aiming: Spit Poison (1% risk of failure)
Press: ? - help, Shift-Dir - straight line, f - goblin
Aim: a goblin, wielding a +0 club (50% to hit)
You fail to use your ability.
* * * LOW HITPOINT WARNING * * *
You feel sick. 😱 HP[-1]
You take 1 damage, and now have 4/42 hp.
You aren't carrying any potions.
You hit the goblin but do no damage.
* * * LOW HITPOINT WARNING * * *
You feel sick. The goblin hits you with a +0 club.
* * * LOW HITPOINT WARNING * * *
😱 HP[-2]
You take 2 damage, and now have 2/42 hp.
You hit the goblin but do no damage. The goblin barely misses you.
You hit the goblin.
You kill the goblin!
* * * LOW HITPOINT WARNING * * *
You feel sick. 😱 HP[-1]
You take 1 damage, and now have 1/42 hp.
You are lethally poisoned (1 -> 0).
Your actions are hasted.
Your movement speed is quick.
Your attack delay is about 0.7.
You aren't carrying any potions.
Okay, then.
Okay, then.
Aiming: Spit Poison (1% risk of failure)
Press: ? - help, Shift-Dir - straight line, f - goblin
Aim: a goblin, wielding a +0 club (50% to hit)
The splash of poison hits the goblin.
* * * LOW HITPOINT WARNING * * *
You feel sick.
A kobold comes into view. It is wielding a +0 dagger.
The kobold shouts!
You hit the goblin.
You kill the goblin!
You hear a shout!
You aren't carrying any potions.
Okay, then.
Okay, then.
You die...

Skill      XL: |  1  2 |
---------------+-------+-----
Stealth        | 8 9 |  9.5
Fighting       | |  3.0
Short Blades   | |  2.0
Dodging        | |  1.5

Action                   |  1- 3 |  4- 6 || total
-------------------------+-------+-------++-------
Melee: Short sword       |     2 |    11 ||    13
 Abil: Spit Poison       |       |     2 ||     2
  Use: Scroll            |     1 |     1 ||     2
       Potion            |       |     1 ||     1
 Stab: Sleeping          |     2 |       ||     2
Armor: Leather armour    |       |     3 ||     3
Dodge: Dodged            |       |     9 ||     9

Levels and vault maps discovered:
D:4:      layout_basic, lemuel_tele_altar, minmay_temple_entry_ruins,
          gammafunk_ghost_split, uniq_eustachio, uniq_sigmund, uniq_edmund
D:5:      layout_basic, mainiacjoe_overflow_six_doors_small, zin_statuary,
          cheibrodos_sewer_entry_bend
D:6:      layout_rooms, gammafunk_temple_overflow_claw, serial_shops,
          kennysheep_mini, minmay_misc_feat_columns, minmay_misc_feat_roman,
          uniq_menkaure

Notes
Turn   | Place    | Note
-------+----------+-------------------------------------------
     0 | D:5      | spaghetti the Naga Delver began the quest for the Orb.
     0 | D:5      | Reached XP level 1. HP: 21/21 MP: 1/1
     0 | D:5      | magus.rc [v1.9.6]
     1 | D:6      | Noticed an iguana
     4 | D:6      | Reached skill level 8 in Stealth
     4 | D:6      | Reached XP level 2. HP: 28/28 MP: 2/2
    35 | D:4      | Found a sparkling altar of Nemelex Xobeh.
    42 | D:4      | Noticed a scorpion
    49 | D:4      | Killed a scorpion
    50 | D:4      | Reached skill level 9 in Stealth
    50 | D:4      | Reached XP level 3. HP: 34/34 MP: 3/3
    50 | D:4      | Reached XP level 4. HP: 42/42 MP: 4/4
    58 | D:4      | Found a staircase to the Ecumenical Temple.
    58 | D:4      | Noticed a scorpion
    70 | D:4      | HP: 10/42 [goblin/+0 club (4)]
    73 | D:4      | HP: 4/42 [poisoned by a scorpion]
    76 | D:4      | HP: 1/42 [poisoned by a scorpion]
    79 | D:4      | Succumbed to a scorpion's poison

Vanquished Creatures
  A scorpion (D:4)
  A gnoll (D:6)
  2 goblins (D:4)
4 creatures vanquished.

Table legend:
 A = Non-vault XP
 B = Vault XP
 C = Vault XP percentage of total XP
 D = Non-vault monster count
 E = Vault monster count
 F = Vault count percentage of total count
                 A         B        C        D         E       F
            +---------+---------+-------+---------+---------+-------
      Total |      97 |       0 |   0.0 |       4 |       0 |   0.0
            +---------+---------+-------+---------+---------+-------
        D:4 |      83 |       0 |   0.0 |       3 |       0 |   0.0
        D:6 |      14 |       0 |   0.0 |       1 |       0 |   0.0
            +---------+---------+-------+---------+---------+-------

Illustrated notes

Table legend:
 A = Kills in this place as a percentage of kills in entire the game.
 B = Kills by you in this place as a percentage of kills by you in the entire game.
 C = Kills by friends in this place as a percentage of kills by friends in the entire game.
 D = Other kills in this place as a percentage of other kills in the entire game.
 E = Experience gained in this place as a percentage of experience gained in the entire game.
 F = Experience gained in this place divided by the number of levels of this place that you have seen.
                   A       B       C       D       E      F
               +-------+-------+-------+-------+-------+----------------------
         Total | 100.0 | 100.0 |   N/A |   N/A | 100.0 |  32.3
       Dungeon | 100.0 | 100.0 |   N/A |   N/A | 100.0 |  32.3
               +-------+-------+-------+-------+-------+----------------------

Table legend: (Time is in decaauts)
 A = Elapsed time spent in this place.
 B = Non-inter-level travel time spent in this place.
 C = Inter-level travel time spent in this place.
 D = Time resting spent in this place.
 E = Time spent auto-exploring this place.
 F = Levels seen in this place.
 G = Mean time per level.
                   A        B        C        D        E       F      G
               +--------+--------+--------+--------+--------+-----+--------+
         Total |     94 |     83 |     11 |      0 |      1 |   3 |   31.3 |
       Dungeon |     94 |     83 |     11 |      0 |      1 |   3 |   31.3 |
               +--------+--------+--------+--------+--------+-----+--------+

Top non-repeatable levels by time:
     D:4: 65 daAuts
     D:5: 23 daAuts
     D:6: 5 daAuts
